[Event "ICC tourney 1921 (15 5)"]
[Site "Internet Chess Club"]
[Date "2020.07.17"]
[Round "3"]
[White "otcm"]
[Black "VianYang"]
[Result "1-0"]
[ICCResult "Black checkmated"]
[WhiteElo "1055"]
[BlackElo "1242"]
[Opening "QGD Slav defense"]
[ECO "D10"]
[NIC "SL.01"]
[Time "14:22:45"]
[TimeControl "900+5"]

1. d4 d5 2. c4 c6 3. g3 Nf6 4. Bg2 dxc4 5. Nf3 b5 6. a4 Bb7 7. Ne5 Qc7 8.
O-O Nbd7 9. Bf4 Nxe5 10. Bxe5 Qb6 11. a5 Qa6 12. Nc3 Nd7 13. Bf4 g6 14. e4
Bg7 15. e5 c5 16. Nd5 Rc8 17. Qd2 cxd4 18. Qxd4 e6 19. Nb4 Bxg2 20. Nxa6
Bxf1 21. Kxf1 Rd8 22. Qd6 f5 23. Qxe6+ Kf8 24. Bg5 Re8 25. Qxd7 Bxe5 26.
Bh6+ Kg8 27. Qxe8# {Black checkmated} 1-0

[Event "ICC tourney 1921 (15 5)"]
[Site "Internet Chess Club"]
[Date "2020.07.17"]
[Round "3"]
[White "harkerchess"]
[Black "magmamaster"]
[Result "1-0"]
[ICCResult "Black forfeits on time"]
[WhiteElo "1474"]
[BlackElo "1346"]
[Opening "Trompowsky attack (Ruth, Opocenský opening)"]
[ECO "A45"]
[NIC "QP.07"]
[Time "14:22:04"]
[TimeControl "900+5"]

1. d4 Nf6 2. Bg5 e6 3. e4 Be7 4. e5 Nd5 5. Bxe7 Nxe7 6. Bd3 Nbc6 7. Nf3 O-O
8. Bxh7+ Kh8 9. Bd3 Nd5 10. g3 f5 11. Nh4 Qg5 12. c3 d6 13. exd6 cxd6 14.
Nd2 e5 15. Ndf3 Qh6 16. dxe5 dxe5 17. Bc2 Be6 18. Qc1 {Black forfeits on
time} 1-0

[Event "ICC tourney 1921 (15 5)"]
[Site "Internet Chess Club"]
[Date "2020.07.17"]
[Round "3"]
[White "sgangavarapu"]
[Black "hollyelf"]
[Result "0-1"]
[ICCResult "White checkmated"]
[WhiteElo "1506"]
[BlackElo "1641"]
[Opening "QGD semi-Slav: anti-Meran, Lilienthal variation"]
[ECO "D44"]
[NIC "SL.07"]
[Time "14:21:50"]
[TimeControl "900+5"]

1. d4 d5 2. c4 c6 3. Nc3 Nf6 4. Nf3 e6 5. Bg5 dxc4 6. e4 b5 7. e5 h6 8. Bh4
g5 9. Nxg5 hxg5 10. Bxg5 Nbd7 11. g3 Bb7 12. Bg2 Qb6 13. exf6 O-O-O 14. O-O
c5 15. d5 b4 16. Na4 Qa6 17. a3 Bxd5 18. Bxd5 Ne5 19. axb4 Rxd5 20. Qe2 cxb4
21. Nc3 Qd6 22. Nxd5 Qxd5 23. f3 Nd3 24. h4 Bc5+ 25. Kg2 Rd8 26. Ra5 Qd4 27.
Rd1 Bb6 28. Rb5 b3 29. Bc1 Qxf6 30. Bg5 Qg6 31. h5 Qxh5 32. Qe4 f6 33. Qc6+
Kb8 34. Bf4+ Nxf4+ 35. gxf4 Qg6+ 36. Rg5 Qc2+ 37. Kg3 Qxd1 38. Rg7 Qg1+ 39.
Kh4 Rh8+ 40. Rh7 Rxh7# {White checkmated} 0-1

[Event "ICC tourney 1921 (15 5)"]
[Site "Internet Chess Club"]
[Date "2020.07.17"]
[Round "3"]
[White "natez"]
[Black "che2468"]
[Result "1-0"]
[ICCResult "Black forfeits on time"]
[WhiteElo "1581"]
[BlackElo "1385"]
[Opening "Queen's pawn game"]
[ECO "D02"]
[NIC "QP.08"]
[Time "14:21:57"]
[TimeControl "900+5"]

1. d4 d5 2. Nf3 Bf5 3. e3 e6 4. c4 Nc6 5. a3 Nf6 6. Nc3 Be7 7. Be2 O-O 8.
O-O Ne4 9. cxd5 Nxc3 10. bxc3 Qxd5 11. c4 Qd6 12. Bb2 Bf6 13. a4 e5 14. Ba3
Nb4 15. c5 Qd5 16. Bxb4 exd4 17. exd4 Rfe8 18. Rc1 Re4 19. Bc4 Qd7 20. Bd3
Rg4 21. Bxf5 Qxf5 22. h3 Rg6 23. Kh1 Rd8 24. Qc2 Qh5 25. Qe4 Bg5 26. Rce1
Re6 27. Qf5 h6 28. Rxe6 fxe6 29. Qxe6+ Kh8 30. Nxg5 Qxg5 31. Bc3 Qh5 32. Qg4
Qd5 33. Re1 Qc4 34. Qg3 Qf7 35. Qh4 Rf8 36. Re7 {Black forfeits on time} 1-0

[Event "ICC tourney 1921 (15 5)"]
[Site "Internet Chess Club"]
[Date "2020.07.17"]
[Round "3"]
[White "lukeye"]
[Black "VincentT2008"]
[Result "0-1"]
[ICCResult "White resigns"]
[WhiteElo "1825"]
[BlackElo "1369"]
[Opening "Scotch game"]
[ECO "C45"]
[NIC "SO.04"]
[Time "14:23:05"]
[TimeControl "900+5"]

1. e4 e5 2. Nf3 Nc6 3. d4 exd4 4. Nxd4 Qf6 5. Be3 Bc5 6. c3 Nge7 7. Bc4 O-O
8. Na3 Bb6 9. Nac2 Qg6 10. Qd2 Ne5 11. Be2 Qxe4 12. f4 N5c6 13. Bf3 Qg6 14.
O-O-O d5 15. g4 Na5 16. f5 Qd6 17. Bf4 Qd8 18. f6 Ng6 19. fxg7 Re8 20. Bh6
Nc4 21. Qg2 c6 22. Rde1 Rxe1+ 23. Rxe1 Bc7 24. Nf5 Nce5 25. Qf2 Nd3+ 26. Kd2
Nxf2 27. h4 Ne4+ 28. Bxe4 dxe4+ 29. Ncd4 c5 30. Bg5 f6 31. Rxe4 fxg5 32.
hxg5 cxd4 33. Rxd4 Qxg5+ {White resigns} 0-1

[Event "ICC tourney 1921 (15 5)"]
[Site "Internet Chess Club"]
[Date "2020.07.17"]
[Round "3"]
[White "maglrashin"]
[Black "che8642"]
[Result "1-0"]
[ICCResult "Black checkmated"]
[WhiteElo "1331"]
[BlackElo "1384"]
[Opening "Sicilian: Kan, Maróczy bind (Réti variation)"]
[ECO "B41"]
[NIC "SI.41"]
[Time "14:22:08"]
[TimeControl "900+5"]

1. e4 c5 2. Nf3 e6 3. d4 cxd4 4. Nxd4 a6 5. c4 Bc5 6. Be3 Qb6 7. Qd2 Nf6 8.
Nc3 Nc6 9. Nxc6 Bxe3 10. fxe3 Qxc6 11. Bd3 d6 12. O-O O-O 13. Qf2 e5 14. Nd5
Nxd5 15. exd5 Qd7 16. Qh4 h6 17. Rf3 Qg4 18. Qf2 Qh5 19. Rf1 Bd7 20. h3 Qg5
21. Rxf7 Qd8 22. Rxf8+ Qxf8 23. Bh7+ Kxh7 24. Qxf8 Rxf8 25. Rxf8 b5 26. Rd8
Bf5 27. Rxd6 bxc4 28. Rxa6 Be4 29. d6 Bf5 30. Ra7 Kg6 31. d7 Bxd7 32. Rxd7
e4 33. a4 Kf5 34. a5 Ke6 35. Rb7 Kd6 36. a6 Kc6 37. Rb4 Kc5 38. Rxc4+ Kxc4
39. a7 Kb3 40. a8=Q Kxb2 41. Qb7+ Kc3 42. Qxg7+ Kd3 43. Qd4+ Ke2 44. Qxe4 h5
45. Qf3+ Kd3 46. e4+ Kd4 47. Qf4 h4 48. e5+ Kd5 49. Qf6 Kc5 50. e6 Kd6 51.
e7+ Kd7 52. Qf7 Kd6 53. e8=Q Kc5 54. Qc8+ Kd4 55. Qfd7+ Ke5 56. Qce8+ Kf6
57. Qdf7+ Kg5 58. Qeg8+ Kh6 59. Qfh7# {Black checkmated} 1-0

[Event "ICC tourney 1921 (15 5)"]
[Site "Internet Chess Club"]
[Date "2020.07.17"]
[Round "3"]
[White "erickzhao"]
[Black "piplup0621"]
[Result "1-0"]
[ICCResult "Black resigns"]
[WhiteElo "1336"]
[BlackElo "1356"]
[Opening "Caro-Kann: advance variation"]
[ECO "B12"]
[NIC "CK.02"]
[Time "14:22:05"]
[TimeControl "900+5"]

1. e4 c6 2. d4 d5 3. e5 c5 4. dxc5 e6 5. a3 Bxc5 6. b4 Be7 7. Bb2 a5 8. b5
Nd7 9. Nf3 Bc5 10. Bd3 Ne7 11. O-O Ng6 12. Nbd2 Qc7 13. c4 Nf4 14. Bc2 d4
15. Nxd4 Nxe5 16. N4f3 Nxf3+ 17. Nxf3 f6 18. g3 Ng6 19. Nh4 Nxh4 20. Qh5+
Qf7 21. Qxh4 e5 22. Rad1 Be6 23. Rfe1 Kf8 24. Be4 h5 25. Bd5 g5 26. Qe4 Kg7
27. Bxe6 Qxe6 28. Qxb7+ Kg6 29. Qe4+ Qf5 30. Qxf5+ Kxf5 31. Rd5 Rac8 32. Kg2
h4 33. h3 g4 34. hxg4+ Kxg4 35. Re4+ Kg5 36. Bxe5 h3+ 37. Kh2 f5 38. Bxh8
Bxf2 39. Rf4 Bxg3+ 40. Kxg3 Rxh8 41. Rdxf5+ Kg6 42. Kh2 {Black resigns} 1-0

[Event "ICC tourney 1921 (15 5)"]
[Site "Internet Chess Club"]
[Date "2020.07.17"]
[Round "3"]
[White "shankar09"]
[Black "Ananya22609"]
[Result "1/2-1/2"]
[ICCResult "Game drawn by repetition"]
[WhiteElo "1459"]
[BlackElo "1394"]
[Opening "French: Tarrasch, open, 4.ed ed"]
[ECO "C08"]
[NIC "FR.21"]
[Time "14:23:45"]
[TimeControl "900+5"]

1. e4 e6 2. d4 d5 3. Nd2 c5 4. exd5 exd5 5. Ngf3 Nf6 6. Bb5+ Bd7 7. Bxd7+
Nbxd7 8. O-O Be7 9. dxc5 Nxc5 10. c4 dxc4 11. Nxc4 O-O 12. Be3 Rc8 13. Bxc5
Bxc5 14. Qb3 Bb6 15. Rfd1 Qc7 16. Nxb6 Qxb6 17. Qxb6 axb6 18. Rac1 Rfe8 19.
h3 h6 20. Rxc8 Rxc8 21. Rd2 Kf8 22. Rd6 Rc6 23. Rxc6 bxc6 24. Kf1 Ke7 25.
Ke2 Kd6 26. Kd3 Nd5 27. Kc4 Nf4 28. Nh4 g6 29. Kd4 Nd5 30. Nf3 Nb4 31. a3
Nd5 32. b4 Nf4 33. Ne1 Nd5 34. Nf3 Nf4 35. Ne1 Nd5 36. Nf3 Nf4 37. Ne1 Nd5
38. Nf3 {Game drawn by repetition} 1/2-1/2

[Event "ICC tourney 1921 (15 5)"]
[Site "Internet Chess Club"]
[Date "2020.07.17"]
[Round "3"]
[White "raghuraja"]
[Black "RobloxMadCity"]
[Result "1-0"]
[ICCResult "Black forfeits on time"]
[WhiteElo "1453"]
[BlackElo "1397"]
[Opening "QGD semi-Slav: 5.e3"]
[ECO "D45"]
[NIC "SL.08"]
[Time "14:22:40"]
[TimeControl "900+5"]

1. d4 d5 2. c4 c6 3. Nc3 Nf6 4. e3 e6 5. Nf3 Be7 6. Qc2 O-O 7. Bd3 dxc4 8.
Bxc4 b5 9. Be2 Bb7 10. O-O Nbd7 11. Rd1 a6 12. e4 c5 13. dxc5 Bxc5 14. Bg5
Qb6 15. Bd3 Rac8 16. Qe2 Ng4 17. Bh4 Ndf6 18. h3 Nh6 19. Bxf6 gxf6 20. e5
Bxf3 21. Qxf3 f5 22. Qf4 Kg7 23. Qg5+ Kh8 24. Qxh6 Bxf2+ 25. Kh1 Rg8 26.
Qf6+ Rg7 27. Rf1 Qd4 28. Rad1 Bh4 29. Qh6 Bg5 30. Qh5 Qxe5 31. Qe2 Qg3 32.
Qf3 Qxf3 33. Rxf3 Rd8 34. Bc2 {Black forfeits on time} 1-0

[Event "ICC tourney 1921 (15 5)"]
[Site "Internet Chess Club"]
[Date "2020.07.17"]
[Round "3"]
[White "poohfur"]
[Black "inbha"]
[Result "1-0"]
[ICCResult "Black checkmated"]
[WhiteElo "1446"]
[BlackElo "1365"]
[Opening "Giuoco Piano"]
[ECO "C54"]
[NIC "IG.02"]
[Time "14:22:07"]
[TimeControl "900+5"]

1. e4 e5 2. Nf3 Nc6 3. Bc4 Bc5 4. c3 Nf6 5. d3 d6 6. Nbd2 Bg4 7. h3 Bh5 8.
Bb3 Qd7 9. Nf1 d5 10. Qe2 dxe4 11. dxe4 O-O 12. g4 Bg6 13. Ng3 Rad8 14. Bg5
Qd3 15. Bxf6 gxf6 16. Rd1 Qxe2+ 17. Kxe2 Na5 18. Bxf7+ Kxf7 19. b4 Bxb4 20.
cxb4 Nc6 21. b5 Na5 22. Rc1 Rd7 23. Rhd1 Rfd8 24. Rxc7 Ke6 25. Rdxd7 Rxd7
26. Rxd7 Kxd7 27. Kd3 Kd6 28. Kc3 Kc5 29. a4 Nc4 30. g5 fxg5 31. Nxg5 Nd6
32. Ne6+ Kb6 33. Kb4 a5+ 34. bxa6 Kxa6 35. Nc7+ Kb6 36. Nd5+ Ka6 37. f3 h5
38. Ne7 Bf7 39. Ngf5 Nc4 40. Nd5 Nd2 41. Nd6 Be6 42. Nc7+ Kb6 43. Nxe6 Nxf3
44. Nc4+ Ka6 45. Nc5+ Ka7 46. Nd6 b6 47. Nd7 Ka6 48. Kc4 Ka5 49. Kd5 Kxa4
50. Nxb6+ Kb4 51. Nbc4 Kc3 52. Nxe5 Ng5 53. h4 Nh7 54. Ng6 Nf6+ 55. Ke6 Ng4
56. Kf5 Kd4 57. e5 Ne3+ 58. Kg5 Ng4 59. e6 Kd5 60. e7 Kxd6 61. e8=Q Nf2 62.
Qf8+ Kd5 63. Qxf2 Ke4 64. Qf5+ Kd4 65. Kf4 Kc4 66. Qe5 Kd3 67. Qe4+ Kc3 68.
Ke3 Kb2 69. Qd3 Kc1 70. Qe2 Kb1 71. Qd2 Ka1 72. Kd3 Kb1 73. Kc3 Ka1 74. Qb2#
{Black checkmated}
1-0

[Event "ICC tourney 1921 (15 5)"]
[Site "Internet Chess Club"]
[Date "2020.07.17"]
[Round "3"]
[White "ChoppinHeadz"]
[Black "pangpangba"]
[Result "1-0"]
[ICCResult "Black resigns"]
[WhiteElo "1462"]
[BlackElo "1376"]
[Opening "Nimzo-Indian: 4.e3, main line with 8...Bxc3"]
[ECO "E58"]
[NIC "NI.02"]
[Time "14:23:13"]
[TimeControl "900+5"]

1. d4 Nf6 2. c4 e6 3. Nf3 d5 4. Nc3 Bb4 5. e3 O-O 6. Bd3 c5 7. O-O Nc6 8. a3
Bxc3 9. bxc3 b6 10. cxd5 exd5 11. Bb2 c4 12. Bc2 Ne7 13. Ne5 Bf5 14. f3 Bxc2
15. Qxc2 Ng6 16. Nxg6 fxg6 17. e4 Qe7 18. Rae1 dxe4 19. fxe4 Ng4 20. Qe2 Qh4
21. h3 Rxf1+ 22. Rxf1 Nf6 23. Qxc4+ Kh8 24. e5 Ne4 25. Qf7 Rg8 26. e6 Ng5
27. Qf4 Qxf4 28. Rxf4 Nxe6 29. Rf7 Ra8 30. c4 Kg8 31. Re7 Nd8 32. d5 Nf7 33.
Kf2 Kf8 34. Rc7 a6 35. Bd4 b5 36. c5 a5 37. d6 b4 38. axb4 axb4 39. Rb7 Nd8
40. Rxb4 Nc6 41. Rc4 Ra2+ 42. Kf3 Rc2 43. Ra4 Rb2 44. Bxb2 Ke8 45. Bxg7 Kd7
46. Ra6 g5 47. Ke4 h5 48. Kd5 Nb4+ 49. Kc4 Nxa6 50. g4 hxg4 51. hxg4 Kc6 52.
Bd4 Nb8 53. Kd3 Nd7 54. Ke4 Nf8 55. Kf5 Kd7 56. Bg1 Ne6 57. Be3 Nd8 58. Kxg5
Nb7 59. Kf6 Kc6 60. g5 Nxc5 61. Bxc5 Kxc5 62. d7 Kd6 63. d8=Q+ {Black
resigns} 1-0

[Event "ICC tourney 1921 (15 5)"]
[Site "Internet Chess Club"]
[Date "2020.07.17"]
[Round "3"]
[White "funplaychess"]
[Black "coolbaja"]
[Result "1-0"]
[ICCResult "Black forfeits on time"]
[WhiteElo "1784"]
[BlackElo "1429"]
[Opening "King's Indian: Sämisch, orthodox, 7.d5"]
[ECO "E87"]
[NIC "KI.41"]
[Time "14:23:58"]
[TimeControl "900+5"]

1. d4 Nf6 2. c4 g6 3. Nc3 Bg7 4. e4 d6 5. f3 O-O 6. Be3 e5 7. d5 b6 8. Qd2
Nbd7 9. O-O-O Nc5 10. g4 a5 11. Nge2 a4 12. Kb1 Ba6 13. Ng3 Qb8 14. h4 Re8
15. h5 Bc8 16. Qh2 Qa7 17. Nb5 Qb8 18. hxg6 fxg6 19. g5 Re7 20. gxf6 Bxf6
21. Bh3 Ba6 22. Rdg1 Kf8 23. Bf1 Bxb5 24. cxb5 Ke8 25. Nf5 Rf7 26. Nh6 Rf8
27. Ng4 Nd7 28. Qxh7 Kd8 29. Nxf6 Rxf6 30. Bg5 Kc8 31. Bxf6 Nxf6 32. Qxg6
Kb7 33. Qxf6 a3 34. Rg7 axb2 35. Rhh7 {Black forfeits on time} 1-0

[Event "ICC tourney 1921 (15 5)"]
[Site "Internet Chess Club"]
[Date "2020.07.17"]
[Round "3"]
[White "SuperBlueSky"]
[Black "sswagatha"]
[Result "1-0"]
[ICCResult "Black checkmated"]
[WhiteElo "1516"]
[BlackElo "1399"]
[Opening "QGD: 4.Nf3"]
[ECO "D37"]
[NIC "QO.16"]
[Time "14:22:00"]
[TimeControl "900+5"]

1. d4 d5 2. c4 Nf6 3. Nc3 e6 4. Nf3 Nc6 5. Bg5 Be7 6. e3 h6 7. Bh4 O-O 8.
cxd5 Nxd5 9. Bxe7 Qxe7 10. Nxd5 exd5 11. Bb5 Qb4+ 12. Qd2 Qxb5 13. Rc1 Qa5
14. Qxa5 Nxa5 15. Rxc7 Nc6 16. O-O Bg4 17. Nd2 Rfc8 18. Rxb7 Rab8 19. Rxb8
Rxb8 20. b3 a5 21. Rc1 Nb4 22. a3 Nd3 23. Rc3 Rc8 24. Rxc8+ Bxc8 25. Kf1 Bg4
26. f3 Bd7 27. Ke2 Bb5 28. e4 dxe4 29. fxe4 Nb2+ 30. Ke3 Nd1+ 31. Kf4 g5+
32. Ke5 Ne3 33. d5 Ng4+ 34. Kd6 Kf8 35. h3 Nf6 36. e5 Ne8+ 37. Kc5 Bd7 38.
Nc4 Ke7 39. Nxa5 h5 40. Nc6+ Kf8 41. a4 f5 42. Nd4 Ng7 43. a5 g4 44. a6 gxh3
45. gxh3 f4 46. a7 Bxh3 47. a8=Q+ Kf7 48. Qb7+ Kg6 49. Qc6+ Kg5 50. Qf6+ Kg4
51. Qxg7+ Kh4 52. Qf6+ Kg4 53. Qf5+ Kh4 54. Qxf4+ Bg4 55. Nf5+ Kh3 56. e6
Bxf5 57. Qxf5+ Kh2 58. Qxh5+ Kg2 59. Qg4+ Kh2 60. e7 Kh1 61. e8=Q Kh2 62.
Qh8# {Black checkmated} 1-0

[Event "ICC tourney 1921 (15 5)"]
[Site "Internet Chess Club"]
[Date "2020.07.17"]
[Round "3"]
[White "woodychess"]
[Black "Ksadury"]
[Result "1/2-1/2"]
[ICCResult "Game drawn by repetition"]
[WhiteElo "1555"]
[BlackElo "1469"]
[Opening "King's Indian: 3.g3"]
[ECO "E60"]
[NIC "KI.80"]
[Time "14:27:01"]
[TimeControl "900+5"]

1. d4 Nf6 2. c4 g6 3. g3 Bg7 4. Bg2 O-O 5. Nc3 c6 6. Nf3 d5 7. cxd5 cxd5 8.
O-O Nc6 9. Ne5 e6 10. f4 Bd7 11. Be3 a6 12. Bf2 b5 13. e4 dxe4 14. Nxe4 Nxe4
15. Bxe4 Rc8 16. Rc1 Nxe5 17. dxe5 Qe7 18. Qd4 Rfd8 19. Qa7 Qb4 20. Bf3 Qxb2
21. Rcd1 Be8 22. Rxd8 Rxd8 23. Qe7 Rc8 24. Bb7 Bf8 25. Qf6 Rb8 26. Be4 Qxa2
27. h4 h5 28. g4 hxg4 29. h5 gxh5 30. f5 Bg7 31. Qg5 exf5 32. Qxf5 Qa3 33.
e6 f6 34. Bd5 Qe7 35. Rc1 b4 36. Bc5 Qc7 37. e7+ Kh8 38. Be4 Qg3+ 39. Kh1
Qh3+ 40. Kg1 Qg3+ 41. Kh1 Qh4+ 42. Kg1 Qg3+ {Game drawn by repetition}
1/2-1/2

[Event "ICC tourney 1921 (15 5)"]
[Site "Internet Chess Club"]
[Date "2020.07.17"]
[Round "3"]
[White "imranchamp"]
[Black "Ajitesh20091"]
[Result "1-0"]
[ICCResult "Black checkmated"]
[WhiteElo "1472"]
[BlackElo "1428"]
[Opening "Giuoco Pianissimo"]
[ECO "C50"]
[NIC "IG.02"]
[Time "14:22:06"]
[TimeControl "900+5"]

1. e4 e5 2. Nf3 Nc6 3. Bc4 Bc5 4. d3 Nf6 5. O-O d6 6. c3 h6 7. Nbd2 a6 8.
Bb3 O-O 9. Re1 Re8 10. h3 Be6 11. Bc2 d5 12. Nf1 Qd7 13. Be3 Ba7 14. Ng3
Bxe3 15. Rxe3 Rad8 16. Kh2 dxe4 17. Nxe4 Nd5 18. Re1 Nf4 19. Nc5 Qc8 20.
Nxe6 Rxe6 21. g3 Nd5 22. d4 exd4 23. Rxe6 Qxe6 24. Qd3 Qg6 25. Qxg6 fxg6 26.
cxd4 g5 27. Rd1 Kf8 28. Ne5 Nxe5 29. dxe5 Ke7 30. Be4 c6 31. Rd3 Ke6 32. f4
gxf4 33. gxf4 Rf8 34. Bxd5+ cxd5 35. Kg3 g5 36. fxg5 hxg5 37. Kg4 Rg8 38.
Re3 d4 39. Re4 Kd5 40. Re1 d3 41. Kf3 Rh8 42. Kg4 Rh4+ 43. Kxg5 Rxh3 44. e6
Rh8 45. e7 Re8 46. Kf6 Kd4 47. Kf7 Rxe7+ 48. Kxe7 d2 49. Rd1 Kd3 50. Kd6 Kc2
51. Rxd2+ Kxd2 52. Kc7 Kc2 53. Kxb7 Kxb2 54. a4 Kc3 55. Kxa6 Kb4 56. a5 Kc5
57. Kb7 Kb5 58. a6 Ka5 59. a7 Kb4 60. a8=Q Kc4 61. Qa5 Kd3 62. Qb4 Ke2 63.
Qc3 Kf1 64. Qd2 Kg1 65. Kc6 Kh1 66. Kd5 Kg1 67. Ke4 Kh1 68. Kf3 Kg1 69. Qg2#
{Black checkmated}
1-0

[Event "ICC tourney 1921 (15 5)"]
[Site "Internet Chess Club"]
[Date "2020.07.17"]
[Round "3"]
[White "guineapig25"]
[Black "Mulan2009"]
[Result "1-0"]
[ICCResult "Black forfeits on time"]
[WhiteElo "1586"]
[BlackElo "1589"]
[Opening "French: King's Indian attack"]
[ECO "C00"]
[NIC "FR.02"]
[Time "14:22:21"]
[TimeControl "900+5"]

1. e4 e6 2. d3 d5 3. Nd2 Bc5 4. Ngf3 Nc6 5. g3 Nf6 6. Bg2 dxe4 7. dxe4 e5 8.
O-O Be6 9. c3 O-O 10. Qe2 a5 11. Nc4 Bxc4 12. Qxc4 Bd6 13. h3 Qe8 14. Nh4
Qe6 15. Qxe6 fxe6 16. Be3 h6 17. Ng6 Rf7 18. f4 Kh7 19. f5 exf5 20. exf5 Ne7
21. Nxe7 Rxe7 22. Rae1 c6 23. g4 Nd5 24. Bc1 Rae8 25. Be4 Kg8 26. Kh1 Nf4
27. Rf3 Bc7 28. b3 Bd6 29. Kh2 a4 30. b4 c5 31. a3 cxb4 32. cxb4 Bb8 33. Rc3
Rc7 34. Rxc7 Bxc7 35. Bxb7 Nd3 36. Rd1 e4+ 37. Kg2 {Black forfeits on time}
1-0

[Event "ICC tourney 1921 (15 5)"]
[Site "Internet Chess Club"]
[Date "2020.07.17"]
[Round "3"]
[White "Averyyu321"]
[Black "JadeTooth"]
[Result "1-0"]
[ICCResult "Black forfeits on time"]
[WhiteElo "1254"]
[BlackElo "1229"]
[Opening "Giuoco Pianissimo"]
[ECO "C50"]
[NIC "IG.02"]
[Time "14:22:43"]
[TimeControl "900+5"]

1. e4 e5 2. Nf3 Nc6 3. Bc4 Bc5 4. d3 Nf6 5. c3 O-O 6. Nbd2 d6 7. Bb3 h6 8.
O-O Be6 9. Bc2 Qd7 10. Qe2 Nh7 11. Re1 g5 12. Nf1 f5 13. exf5 Bxf5 14. h3
Qe7 15. Ng3 Be6 16. Be3 Bxe3 17. Qxe3 Qd7 18. d4 g4 19. hxg4 Bxg4 20. Nh2 h5
21. Nxg4 hxg4 22. Qh6 Qf7 23. Re2 exd4 24. Nh5 Ne5 25. Bb3 d5 26. Bxd5
{Black forfeits on time}
1-0

[Event "ICC tourney 1921 (15 5)"]
[Site "Internet Chess Club"]
[Date "2020.07.17"]
[Round "3"]
[White "combusken1123"]
[Black "mutantpenguin"]
[Result "1-0"]
[ICCResult "Black checkmated"]
[WhiteElo "1424"]
[BlackElo "1285"]
[Opening "French: Steinitz variation"]
[ECO "C11"]
[NIC "FR.04"]
[Time "14:28:25"]
[TimeControl "900+5"]

1. e4 e6 2. d4 d5 3. Nc3 Nf6 4. e5 Nfd7 5. Nf3 c5 6. dxc5 Bxc5 7. Bd3 O-O 8.
Bxh7+ Kxh7 9. Ng5+ Kg6 10. Qd3+ f5 11. Qg3 f4 12. Bxf4 Rxf4 13. Nxe6+ Kf5
14. Qh3+ Kxe5 15. Nxd8 Bxf2+ 16. Ke2 Nb6 17. Qh5+ Kd4 18. Rad1+ Kc4 19. h3
Bf5 20. g4 Bxc2 21. Rxd5 Na6 22. Rd4+ Kxd4 23. Ne6+ Kc4 24. Qb5#
{Black checkmated}
1-0

[Event "ICC tourney 1921 (15 5)"]
[Site "Internet Chess Club"]
[Date "2020.07.17"]
[Round "3"]
[White "kralj8"]
[Black "mancogu"]
[Result "1-0"]
[ICCResult "Black checkmated"]
[WhiteElo "1684"]
[BlackElo "1298"]
[Opening "Sicilian: closed"]
[ECO "B23"]
[NIC "SI.44"]
[Time "14:27:41"]
[TimeControl "900+5"]

1. e4 c5 2. Nc3 d6 3. f4 e6 4. Nf3 Nc6 5. Bc4 Nge7 6. d3 g6 7. O-O a6 8. Qe1
Bg7 9. Qh4 O-O 10. f5 exf5 11. Ng5 h6 12. Nxf7 Rxf7 13. Bxf7+ Kxf7 14. exf5
gxf5 15. Bxh6 Ng6 16. Qxd8 Nxd8 17. Bxg7 Kxg7 18. Rae1 Bd7 19. Nd5 Nc6 20.
Nb6 Rd8 21. Nxd7 Rxd7 22. Rxf5 Nce5 23. h3 Nh4 24. Rf4 Nhg6 25. Rfe4 Rf7 26.
d4 cxd4 27. Rxd4 Rf6 28. c4 b6 29. b4 Nf4 30. Kh2 Nfg6 31. Rde4 Kf7 32. c5
bxc5 33. bxc5 dxc5 34. Rxe5 Nxe5 35. Rxe5 Rf2 36. Rxc5 Rxa2 37. Rc7+ Kg6 38.
h4 Kh5 39. Kh3 a5 40. Rc5+ Kh6 41. h5 a4 42. g4 a3 43. Rc6+ Kh7 44. Ra6 Ra1
45. Kh4 a2 46. Kg5 Kg7 47. h6+ Kh7 48. Ra7+ Kh8 49. Kg6 Rg1 50. Ra8#
{Black checkmated}
1-0

[Event "ICC tourney 1921 (15 5)"]
[Site "Internet Chess Club"]
[Date "2020.07.17"]
[Round "3"]
[White "LChessMaster"]
[Black "winner08"]
[Result "1-0"]
[ICCResult "Black checkmated"]
[WhiteElo "1614"]
[BlackElo "1600"]
[Opening "Giuoco Pianissimo: Canal variation"]
[ECO "C50"]
[NIC "IG.02"]
[Time "14:22:25"]
[TimeControl "900+5"]

1. e4 e5 2. Nf3 Nc6 3. Bc4 Bc5 4. d3 Nf6 5. Nc3 d6 6. Bg5 h6 7. Bh4 g5 8.
Bg3 Bd7 9. a3 Bg4 10. h3 Bh5 11. Bh2 Nd4 12. g4 Bg6 13. Na4 Nd7 14. c3 Ne6
15. Nxc5 Ndxc5 16. b4 Nd7 17. Bxe6 fxe6 18. Nd2 Rf8 19. Bg3 Qf6 20. Qb3 Qf7
21. c4 h5 22. f3 h4 23. Bf2 Qf4 24. O-O-O Kf7 25. Rde1 Kg7 26. Be3 Qf6 27.
Ref1 Kh6 28. Kc2 Qe7 29. Qb1 b6 30. Qe1 a5 31. Qxh4+ Kg7 32. Bxg5 Qe8 33.
Bh6+ Kg8 34. Bxf8 Nxf8 35. b5 c6 36. a4 cxb5 37. axb5 a4 38. Ra1 a3 39. Ra2
Nd7 40. Nb3 Nc5 41. Nxc5 bxc5 42. Rha1 Ra7 43. Qg5 Qf7 44. Qe3 Qh7 45. Rh1
Qc7 46. Qd2 Qf7 47. Qe2 Qc7 48. Rha1 Qh7 49. Qg2 Qh6 50. Rxa3 Rxa3 51. Rxa3
Qe3 52. Qd2 Qd4 53. b6 d5 54. b7 dxc4 55. b8=Q+ Kh7 56. Ra7+ Bf7 57. Rxf7+
Kg6 58. Qg8# {Black checkmated} 1-0

[Event "ICC tourney 1921 (15 5)"]
[Site "Internet Chess Club"]
[Date "2020.07.17"]
[Round "3"]
[White "Knightboy123"]
[Black "HenriVZ"]
[Result "1-0"]
[ICCResult "Black checkmated"]
[WhiteElo "1415"]
[BlackElo "1290"]
[Opening "Ruy Lopez: Marshall counter-attack"]
[ECO "C89"]
[NIC "RL.17"]
[Time "14:21:53"]
[TimeControl "900+5"]

1. e4 e5 2. Nf3 Nc6 3. Bb5 a6 4. Ba4 Nf6 5. O-O Be7 6. Re1 b5 7. Bb3 O-O 8.
c3 d5 9. exd5 Nxd5 10. d4 exd4 11. Nxd4 Nxd4 12. Bxd5 c6 13. Be4 f5 14. Qxd4
fxe4 15. Qxe4 Bc5 16. Be3 Bxe3 17. Qxe3 Bd7 18. Nd2 Qh4 19. Nf3 Qh5 20. Qe5
Rf5 21. Qe7 Rf7 22. Qg5 Qxg5 23. Nxg5 Rf5 24. Nf3 Kf8 25. Rad1 Be8 26. Ne5
Ra7 27. Rd8 Re7 28. Nd3 Rxe1+ 29. Nxe1 Re5 30. Kf1 a5 31. Nf3 Rc5 32. Nd4
Ke7 33. Rb8 Bf7 34. Rb7+ Kf6 35. Rc7 Bxa2 36. Rxc6+ Rxc6 37. Nxc6 a4 38. Nb4
Bc4+ 39. Ke1 Ke5 40. Kd2 Ke4 41. f3+ Kf4 42. Nd3+ Kf5 43. Ke3 g5 44. g4+ Kf6
45. Kd4 Ke6 46. Nc5+ Kf6 47. Ne4+ Kg6 48. Kc5 h6 49. Nd2 Be2 50. Kd4 Kf6 51.
Ke3 Bd1 52. Nf1 Ke5 53. Ng3 Bc2 54. Ne4 Ke6 55. Kd2 Bb1 56. Ke3 Ke5 57. Nf2
Bg6 58. Nd3+ Kd5 59. h4 Bxd3 60. hxg5 Bg6 61. gxh6 Kc4 62. f4 Kb3 63. f5 Bh7
64. f6 Kxb2 65. f7 a3 66. f8=Q a2 67. Qb4+ Kc1 68. Qa3+ Kb1 69. Qb3+ Ka1 70.
Qxb5 Be4 71. Qa4 Bb1 72. g5 Kb2 73. Qxa2+ Bxa2 74. g6 Bg8 75. h7 Bxh7 76.
gxh7 Kxc3 77. h8=Q+ Kc4 78. Qd8 Kb5 79. Qc8 Ka5 80. Qb8 Ka4 81. Kd3 Ka3 82.
Kc2 Ka4 83. Qb6 Ka3 84. Qa5# {Black checkmated} 1-0